 Dungeon Crawl Stone Soup version 0.31-a0-1178-gc5c9b8f871 (webtiles) character file.

Game seed: 12851102239516210880

25 qw the Shooter (level 3, 0/21 HPs)
             Began as a Gargoyle Hunter on Dec 11, 2023.
             Slain by a hobgoblin (5 damage)
             ... led by Robin
             ... on level 1 of the Dungeon.
             The game lasted 00:00:16 (656 turns).

qw the Shooter (Gargoyle Hunter)                     Turns: 656, Time: 00:00:17

Health: 0/21       AC: 11    Str: 14    XL:     3   Next: 4%
Magic:  3/3        EV: 11    Int:  9    God:
Gold:   16         SH:  0    Dex: 15    Spells: 2/2 levels left

rFire   . . .        a - +0 shortbow
rCold   . . .        (shield currently unavailable)
rNeg    + . .        c - +0 leather armour
rPois   inf          (no helmet)
rElec   +            j - +0 cloak
rCorr   .            (no gloves)
SInv    .            (no boots)
Will    ++...        (no amulet)
Stlth   ++           d - ring of willpower
HPRegen 0.23/turn    i - +4 ring of protection
MPRegen 0.08/turn

%: no passive effects
@: enlightened, flying
A: sickness immunity, AC +3, negative energy resistance 1, electricity
resistance, torment resistance 1, petrification resistance
a: no special abilities


You were on level 1 of the Dungeon.
You visited 1 branch of the dungeon, and saw 2 of its levels.

You collected 16 gold pieces.


Innate Abilities, Weirdness & Mutations

You are immune to sickness and miasma.
Your stone body is resilient. (AC +3)
You are immune to poison.
You resist negative energy. (rN+)
You are resistant to electric shocks. (rElec)
You are resistant to unholy torment.
You are immune to petrification.


   Skills:
 - Level 2.1 Fighting
 + Level 4.9 Ranged Weapons
 - Level 1.5 Dodging
 - Level 1.1 Stealth


You had 2 spell levels left.
You didn't know any spells.
Your spell library was empty.

Inventory:

Hand Weapons
 a - a +0 shortbow (weapon)
Armour
 c - a +0 leather armour (worn)
 j - a +0 cloak (worn)
Jewellery
 d - a ring of willpower (left hand)
 i - a +4 ring of protection (right hand)
Potions
 g - a potion of haste
 l - a potion of mutation {unknown}

Dungeon Overview and Level Annotations

Branches:
Dungeon (2/15)

Altars:

Annotations:
D:2 Robin


Message History

649 ||| STAIRDANCE The hobgoblin hits you but does no damage.
The goblin closely misses you. x2; The hobgoblin completely misses you.
The hobgoblin hits you but does no damage.
The hobgoblin barely misses you.
You climb upwards.
There is a stone staircase leading down here.
You shoot an arrow. The arrow hits the goblin.
You kill the goblin!
The hobgoblin barely misses you.
The hobgoblin hits you but does no damage.
The goblin hits you but does no damage.
The hobgoblin hits you but does no damage.
The hobgoblin misses you.
You shoot an arrow. The arrow closely misses the hobgoblin.
The hobgoblin closely misses you. The hobgoblin hits you.
The goblin hits you with a +0 club. The hobgoblin closely misses you.
The hobgoblin barely misses you.
You shoot an arrow. The arrow closely misses the hobgoblin.
The hobgoblin hits you but does no damage.
The hobgoblin barely misses you. The goblin hits you but does no damage.
The hobgoblin closely misses you. The hobgoblin hits you.
You shoot an arrow. The arrow hits the hobgoblin.
The hobgoblin is moderately wounded.
The hobgoblin hits you but does no damage.
The hobgoblin barely misses you. The goblin closely misses you.
The hobgoblin closely misses you.
The hobgoblin hits you but does no damage.
The hobgoblin closely misses you. The hobgoblin misses you.
The hobgoblin barely misses you. The hobgoblin closely misses you.
The goblin hits you but does no damage.
You shoot an arrow. The arrow closely misses the hobgoblin.
The hobgoblin hits you. x2; The goblin closely misses you.
The hobgoblin barely misses you. The hobgoblin closely misses you.
656 ||| DRINKING fuming grey potion.
It was a potion of enlightenment.
You feel very buoyant.
You fly up into the air.
The hobgoblin closely misses you. The hobgoblin misses you.
The goblin closely misses you. The hobgoblin hits you.
You die...

###### #....# ####### #....#
#.....# ###### ##....#########
#.....# .....###.............##
#.....# .....'...###'###'###..###
#.....# .....######...#)g)###...#
#.....# .....# #...#g@g# ###.#
#.....# .....#
#...#.gg#####.###.....# ########
#.<.#.>.#.............' .......#
#...#...#.#######.....#
.......####...#.>.#.#.....'.....#
.......'..#...#...#.#.#####.....#
.).....##.##'###'##.#........####
#########.....##....#........#
#####.#####.#.)......#


You could see 4 hobgoblins and a goblin (strong).

Vanquished Creatures
  A dart slug (D:1)
  2 ball pythons (D:1)
  2 bats (D:1)
  An endoplasm (D:1)
  3 goblins (D:1)
  A hobgoblin (D:1)
  2 jackals (D:1)
  3 kobolds (D:1)
  2 quokkas (D:1)
  A frilled lizard (D:1)
  2 rats (D:1)
20 creatures vanquished.

Notes
Turn   | Place    | Note
-------+----------+-------------------------------------------
     0 | D:1      | qw the Gargoyle Hunter began the quest for the Orb.
     0 | D:1      | Reached XP level 1. HP: 12/12 MP: 1/1
     0 | D:1      | 0 ||| qw: Version: 0.3-a-106-g2cfff9e
     0 | D:1      | 0 ||| qw: Game counter: 1974
     0 | D:1      | 0 ||| qw: Melee chars always use a shield: true
     0 | D:1      | 0 ||| qw: God list: Okawaru
     0 | D:1      | 0 ||| qw: Allow faded altars: false
     0 | D:1      | 0 ||| qw: Do Orc after clearing Dungeon:15 true
     0 | D:1      | 0 ||| qw: Do second Lair branch before Depths: true
     0 | D:1      | 0 ||| qw: Lair rune preference: random
     0 | D:1      | 0 ||| qw: Goals: Normal, Save, Zot:1-4, Win
     0 | D:1      | 0 ||| PLANNING D:1-11
   123 | D:1      | Reached XP level 2. HP: 17/17 MP: 2/2
   582 | D:1      | 582 ||| UPGRADING to +0 cloak.
   587 | D:1      | 587 ||| UPGRADING to ring of willpower.
   588 | D:1      | 588 ||| UPGRADING to +4 ring of protection.
   589 | D:1      | 589 ||| READING 2 scrolls labelled SETEGOE XEDDA.
   589 | D:1      | 589 ||| IDENTIFYING fizzy green potion
   590 | D:1      | 590 ||| READING scroll of identify.
   590 | D:1      | 590 ||| IDENTIFYING white potion
   591 | D:1      | 591 ||| DRINKING 2 brown potions.
   592 | D:1      | 592 ||| DROPPING scroll of butterflies.
   593 | D:1      | 593 ||| DROPPING potion of brilliance.
   594 | D:1      | 594 ||| DROPPING potion of attraction.
   633 | D:2      | Noticed Robin
   634 | D:2      | 634 ||| STAIRDANCE
   640 | D:1      | Reached XP level 3. HP: 21/21 MP: 3/3
   649 | D:2      | 649 ||| STAIRDANCE
   655 | D:1      | HP: 5/21 [hobgoblin[Robin] (5)]
   656 | D:1      | 656 ||| DRINKING fuming grey potion.
   656 | D:1      | Slain by a hobgoblin

Levels and vault maps discovered:
D:1:      minmay_arrival_up_and_down, layout_basic
D:2:      layout_loops_ring, hellmonk_ecumenical_altar_lost_god, serial_shops,
          shop, uniq_terence, uniq_robin

Action                     || total
---------------------------++-------
   Fire: Shortbow          ||    54
    Use: Scroll            ||     2
         Potion            ||     2
 Armour: Leather armour    ||    33
  Dodge: Dodged            ||    37

Table legend:
 A = Non-vault XP
 B = Vault XP
 C = Vault XP percentage of total XP
 D = Non-vault monster count
 E = Vault monster count
 F = Vault count percentage of total count
                 A         B        C        D         E       F
            +---------+---------+-------+---------+---------+-------
      Total |      33 |       3 |   8.3 |      18 |       2 |  10.0
            +---------+---------+-------+---------+---------+-------
        D:1 |      33 |       3 |   8.3 |      18 |       2 |  10.0
            +---------+---------+-------+---------+---------+-------
